 Dungeon Crawl Stone Soup version 0.17.1-3-g152610e (webtiles) character file.

18 Heliophagus the Skirmisher (level 2, 24/24 HPs)
             Began as a Demonspawn Abyssal Knight on Mar 22, 2016.
             Was a Follower of Lugonu.
             Quit the game on level 2 of the Dungeon on Mar 23, 2016.
             The game lasted 00:34:21 (1276 turns).

Heliophagus the Skirmisher (DsAK)                   Turns: 1276, Time: 00:34:21

Health: 24/24      AC: 11    Str: 12    XL:     2   Next: 51%
Magic:  4/4        EV:  5    Int: 16    God:    Lugonu [*.....]
Gold:   78         SH:  0    Dex: 12    Spells: 0 memorised, 1 level left

rFire  . . .     SeeInvis .     a - +1 falchion
rCold  . . .     Clarity  .     q - +0 chain mail
rNeg   . . .     SustAt   .     (no shield)
rPois  .         Gourm    .     (no helmet)
rElec  .         Spirit   .     (no cloak)
rCorr  .         Warding  .     (no gloves)
rMut   .         Stasis   .     (no boots)
MR     .....                    (no amulet)
Stlth  ..........               s - +3 ring of protection
                                k - +3 ring of intelligence

@: not resistant to hostile enchantments, extremely unstealthy
A: powered by death 1
a: Depart the Abyss, Renounce Religion


You were on level 2 of the Dungeon.
You worshipped Lugonu.
Lugonu was aware of your devotion.
You were not hungry.

You visited 1 branch of the dungeon, and saw 2 of its levels.
You visited the Abyss 1 time.

You collected 78 gold pieces.

Inventory:

Hand Weapons
 a - a +1 falchion (weapon)
Missiles
 g - 11 arrows
Armour
 b - a +0 leather armour
 q - a +0 chain mail (worn)
Jewellery
 k - a +3 ring of intelligence (left hand)
 s - a +3 ring of protection (right hand)
Wands
 e - a wand of frost (29)
Scrolls
 h - 2 scrolls of remove curse
Potions
 d - a potion of flight {unknown}
 i - a potion of cure mutation {unknown}
 p - a potion of agility {unknown}
 r - a potion of might {unknown}
Comestibles
 c - 2 bread rations
 f - 3 fruits
 j - 2 beef jerkies
 l - a meat ration
 n - 4 chunks of flesh


   Skills:
 + Level 3.3 Fighting
 + Level 2.0 Long Blades
 + Level 1.9 Armour
 + Level 1.1 Dodging
 + Level 2.9 Invocations


You had one spell level left.
You didn't know any spells.

Dungeon Overview and Level Annotations

Branches:
Dungeon (2/15)

Altars:


Innate Abilities, Weirdness & Mutations

You regenerate a little health from kills.


Message History

You feel less regenerative.
You hit the hobgoblin.
The hobgoblin is moderately wounded.
The hobgoblin hits you but does no damage.
You completely miss the hobgoblin.
The hobgoblin is moderately wounded.
The hobgoblin hits you but does no damage. x2
You closely miss the hobgoblin.
The hobgoblin is moderately wounded.
The hobgoblin hits you but does no damage.
You hit the hobgoblin.
The hobgoblin is severely wounded.
The hobgoblin hits you but does no damage.
You hit the hobgoblin.
You kill the hobgoblin!
Lugonu accepts your kill.
Welcome back, Heliophagus the Demonspawn Abyssal Knight.
Lugonu says: Spread carnage and corruption!
Press ? for a list of commands and other information.
Are you sure you want to abandon this character and quit the game? (Confirm with "yes".)

#............,,,,,+,,,,,,,,,,
#(...####.........***,,,,****
#...### *,,......***,,,,**
#.....# *,*.....** *,,,**
##.##.# *,*#...#****,,,****
#.##.# *,*#...,,,,,,,,,,,**
#.##.###.##..#**,,,,,,,,,,*
#........##†.# *,,,,,,,,,,*
####.######@.####*,,,,***,*
#.............#*,*********
#..##.##......#*,,,,,,,,,,
#..##.##....#....*,****,**
#..##.##...##*##.*,*,,+,+,
#.....##.....,,,,*,*,,*,*,
#........#.###****,*+**,**
##########.# *,,,,,,,, *.#
*,*+**,**


There were no monsters in sight!

Vanquished Creatures
  A giant gecko (D:1)
  2 bats (D:1)
  3 goblins
  3 hobgoblins
  4 kobolds
  A ball python (D:1)
  A giant newt (D:1)
  2 rats
17 creatures vanquished.

Notes
Turn   | Place    | Note
--------------------------------------------------------------
     0 | Abyss:1  | Heliophagus the Demonspawn Abyssal Knight began the quest for the Orb.
     0 | Abyss:1  | Reached XP level 1. HP: 18/18 MP: 2/2
    27 | Abyss:1  | Noticed a lich
    37 | Abyss:1  | Noticed a smoke demon
    38 | D:1      | Escaped the Abyss
   401 | D:1      | Reached skill level 1 in Dodging
   696 | D:1      | Reached * piety under Lugonu
   696 | D:1      | Gained mutation: You regenerate a little health from kills. [demonic ancestry]
   696 | D:1      | Reached XP level 2. HP: 18/24 MP: 3/3
  1276 | D:2      | Quit the game

Action                   || total
-------------------------++-------
Melee: Falchion          ||    45
Invok: Depart the Abyss  ||     1
  Use: Scroll            ||     5
  Eat: Chunk             ||     1
